 Dungeon Sprint DCSS version 0.28-a0-938-gbc3f381ebc (webtiles) character file.

Game seed: 4857566677073482425

472090 mhtbhm the Conqueror (level 21, -8/163 HPs)
             Began as a Gargoyle Fighter on Nov 28, 2021.
             Was an Initiate of Gozag.
             Killed from afar by Dispater (39 damage)
             ... with damnation
             ... in the Dungeon (Sprint IX: "|||||||||||||||||||||||||||||").
             The game lasted 00:52:32 (17981 turns).

mhtbhm the Conqueror (Gargoyle Fighter)            Turns: 17981, Time: 00:52:32

Health: -8/163     AC: 65    Str: 27    XL:     21   Next: 27%
Magic:  36/36      EV: 15    Int: 14    God:    Gozag
Gold:   10987      SH: 25    Dex: 11    Spells: 42/42 levels left

rFire   + + +      SeeInvis +   p - +9 sacred scourge (holy)
rCold   + + .      Faith    .   o - +1 tower shield
rNeg    + . .      Spirit   .   b - +6 gold dragon scales
rPois   ∞          Reflect  .   V - +2 helmet {SInv}
rElec   +          Harm     .   s - +0 cloak {rCorr}
rCorr   +          Rampage  .   P - +0 pair of gloves {hurl}
Will    ++...      NoTele   +   O - +2 pair of boots {Fly}
Stlth   ++........              T - amulet "Rits" {+Inv rPois rF+ Regen+}
HPRegen 0.00/turn               R - ring of Relativism {rF+ Will+ Int+4 Dex+4 Stlth-}
MPRegen 0.25/turn               E - +4 ring of protection

@: mighty, resistant, flying, inhibited regen
A: sickness immunity, AC +16, big wings, negative energy resistance 1,
electricity resistance, torment resistance 1, petrification resistance, talons
1, camouflage 1, clumsy 1, dopey 1, inhibited regeneration, wild magic 1
}: 9/17 runes: decaying, serpentine, barnacled, slimy, elven, silver, golden,
abyssal, gossamer
a: Renounce Religion, Evoke Invisibility, Potion Petition, Call Merchant, Bribe
Branch


You were in the Dungeon.
You worshipped Gozag.
Gozag was extremely pleased with you.
You visited 1 branch You collected 52950 gold pieces.
You spent 8140 gold pieces at shops.
You paid 33823 gold pieces to Gozag.

Inventory:

Hand Weapons
 a - a +7 morningstar of protection
 p - a +9 sacred scourge of holy wrath (weapon)
Missiles
 j - 2 throwing nets
 v - 5 curare-tipped darts
 M - a silver javelin (quivered)
Armour
 b - +6 gold dragon scales (worn)
 o - a +1 tower shield (worn)
 s - a +0 cloak of preservation (worn)
 O - a +2 pair of boots of flying (worn)
 P - a +0 pair of gloves of hurling (worn)
 V - a +2 helmet of see invisible (worn)
Jewellery
 m - a ring of see invisible
 y - a ring of protection from cold
 B - a ring of fire
 C - a ring of willpower
 E - a +4 ring of protection (right hand)
 G - a +2 ring of slaying
 R - the ring of Relativism (left hand) {rF+ Will+ Int+4 Dex+4 Stlth-}
   (You found it in the Dungeon)

   [ring of protection from fire]

   Int:       It affects your intelligence (+4).
   Dex:       It affects your dexterity (+4).
   rF:        It protects you from fire.
   Will:      It increases your willpower.
   Stlth:     It makes you less stealthy.
 T - the amulet "Rits" (around neck) {+Inv rPois rF+ Regen+}
   (You found it in the Dungeon)

   [amulet of regeneration]

   rF:        It protects you from fire.
   rPois:     It protects you from poison.
   +Inv:      It lets you turn invisible.
   Regen:     It increases your rate of health regeneration.
Wands
 r - a wand of paralysis (8)
 t - a wand of flame (14)
 u - a wand of charming (4)
 N - a wand of acid (1)
Scrolls
 f - 2 scrolls of holy word
 i - 3 scrolls of identify
 k - 2 scrolls of amnesia
 l - a scroll of summoning
 q - 6 scrolls of fog
 w - 2 scrolls of fear
 x - 2 scrolls of immolation
 D - a scroll of enchant weapon
 K - 2 scrolls of blinking
Potions
 d - a potion of attraction
 e - 8 potions of curing
 g - 4 potions of haste
 h - 9 potions of magic
 n - 3 potions of resistance
 z - 2 potions of flight
 F - a potion of heal wounds
 I - a potion of brilliance
 J - 5 potions of might
Miscellaneous
 c - the horn of Geryon
 A - a condenser vane


   Skills:
 O Level 27 Fighting
 O Level 27 Maces & Flails
 O Level 27 Throwing
 O Level 27 Armour
 O Level 27 Dodging
 O Level 27 Stealth
 O Level 27 Shields
 - Level 1.5 Unarmed Combat
 + Level 11.0 Spellcasting
 + Level 11.0 Summonings
 O Level 27 Evocations


You had 42 spell levels left.
You didn't know any spells.
Your spell library contained the following spells:

 Spells                   Type           Power      Damage    Failure   Level
 Summon Ice Beast         Ice/Summ       30%        N/A       61%         4
 Summon Mana Viper        Hex/Summ       30%        N/A       90%         5
 Monstrous Menagerie      Summ           25%        N/A       99%         7


Dungeon Overview and Level Annotations

Branches:
Dungeon (1/1)

Altars:
Cheibriados
Dithmenos
Elyvilon
Fedhas
Gozag
Hepliaklqana
Kikubaaqudgha
Makhleb
Nemelex Xobeh
Okawaru
Qazlal
Ru
Sif Muna
Trog
Uskayaw
Vehumet
Wu Jian
Xom
Yredelemnul
Zin
The Shining One
Beogh
Jiyva
Lugonu

Shops:
D [[!***[*[!*([((=(?

Annotations:
D Dispater, Ereshkigal


Innate Abilities, Weirdness & Mutations

You are immune to sickness and miasma.
Your stone body is resilient. (AC +16)
You are immune to poison.
Your large and strong wings let you fly.
You resist negative energy. (rN+)
You are resistant to electric shocks. (rElec)
You are resistant to unholy torment.
You are immune to petrification.
You have sharp toenails.
Your skin changes colour to match your surroundings (Stealth+).
You are clumsy. (Dex -2)
You are dopey. (Int -2)
You do not regenerate when monsters are visible.
Your spells are a little harder to cast, but a little more powerful.


Message History

You block Dispater's attack. The Hell Sentinel barely misses you.
You block the Hell Sentinel's attack.
You whack Dispater!
Dispater convulses!
Dispater is heavily wounded.
You hit Dispater.
Dispater convulses.
Dispater is heavily wounded.
Dispater hits you but does no damage. You block the Hell Sentinel's attack.
The Hell Sentinel closely misses you.
You thrash Dispater!!
Dispater convulses!!
Dispater is heavily wounded.
You hit Dispater but do no damage.
Dispater is heavily wounded.
You block Dispater's attack. You block the Hell Sentinel's attack.
The Hell Sentinel hits you! The Hell Sentinel gestures at you.
The sphere of damnation explodes!
The damnation engulfs Dispater.
Dispater completely resists.
The damnation engulfs the Hell Sentinel.
The Hell Sentinel completely resists.
The damnation engulfs you!!
You whack Dispater!
Dispater convulses.
Dispater is severely wounded.
You hit Dispater.
Dispater convulses.
Dispater is severely wounded.
Dispater hits you but does no damage. The Hell Sentinel gestures at you.
The sphere of damnation explodes!
The damnation engulfs you!!
* * * LOW HITPOINT WARNING * * *
The damnation engulfs Dispater.
Dispater completely resists.
The damnation engulfs the Hell Sentinel.
The Hell Sentinel completely resists.
You thrash Dispater!!
Dispater convulses!
Dispater is severely wounded.
Unknown command.
Unknown command.
You barely miss Dispater.
Dispater is severely wounded.
Dispater gestures at you.
The sphere of damnation explodes!
The damnation engulfs you!!!
You die...
Your body crumbles into a pile of gold.

▓.▓.▓.▓.▓'▓.▓.▓.▓.
▓.▓.▓.▓.♣.♣.▓.▓.▓'
▓.▓.▓.▓.♣.♣.▓.▓.▓[
▓.▓.▓.▓.♣.♣.▓.▓.▓)
▓.▓.▓.▓.♣.♣.▓.▓.▓[
▓1▓.▓.▓.♣.♣.▓.▓.▓.
▓1▓.▓.▓.♣.♣.▓.▓.▓.
▓&▓.▓.▓.♣)♣.▓'▓.▓.
▓@▓.▓.▓.♣)♣.▓∩▓.▓)
▓1▓.▓'▓.♣)♣.▓.▓.▓)
▓.▓.▓.▓.♣)♣.▓∩▓.▓)
▓.▓.▓.▓.♣.♣)▓.▓.▓)
▓.▓.▓.▓.♣)♣.▓.▓.▓)
▓.▓.▓.▓.▓.▓.▓.▓.▓)
▓.▓.▓.▓.▓.▓.▓.▓.▓'
▓.▓.▓.▓.▓.▓)▓.▓.▓.
▓.▓.▓.▓.▓.▓.▓.▓.▓.


You could see Dispater and 3 Hell Sentinels.

Vanquished Creatures
  Antaeus (D)
  the Royal Jelly (D)
  Gloorx Vloq (D)
  3 orbs of fire (D)
  3 ancient liches (D)
  Mennas (D)
  9 royal mummies (D)
  Sojobo (D)
  A Killer Klown (D)
  Margery (D)
  Nikola (D)
  Xtahua (D)
  8 golden dragons (D)
  Geryon (D)
  2 electric golems (D)
  Rupert (D)
  7 tentacled monstrosities (D)
  3 deep elf blademasters (D)
  27 Orb Guardians (D)
  A titan (D)
  3 liches (D)
  9 acid blobs (D)
  2 deep elf master archers (D)
  2 quicksilver dragons (D)
  2 death cobs (D)
  14 sphinxes (D)
  Kirke (D)
  4 tengu reavers (D)
  7 azure jellies (D)
  2 draconian monks (D)
  5 rockslimes (D)
  3 storm dragons (D)
  5 nagarajas (D)
  6 shadow dragons (D)
  A fenstrider witch (D)
  3 fire giants (D)
  2 draconian knights (D)
  3 draconian shifters (D)
  2 ghost moths (D)
  3 frost giants (D)
  3 vault wardens (D)
  A draconian scorcher (D)
  6 emperor scorpions (D)
  2 quicksilver oozes (D)
  7 ironbound preservers (D)
  5 stone giants (D)
  3 very ugly things (D)
  Aizul (D)
  A draconian annihilator (D)
  2 draconian stormcallers (D)
  3 green draconians (D)
  6 vampire knights (D)
  A dire elephant (D)
  2 black draconians (D)
  5 deep elf demonologists (D)
  A deep elf annihilator (D)
  7 white draconians (D)
  Nessos (D)
  Azrael (D)
  3 red draconians (D)
  A bunyip (D)
  2 yellow draconians (D)
  3 merfolk javelineers (D)
  Snorg (D)
  A deep elf death mage (D)
  Josephine (D)
  A fire dragon (D)
  5 mummy priests (D)
  5 merfolk impalers (D)
  3 deep elf high priests (D)
  A rakshasa (D)
  4 great orbs of eyes (D)
  4 ice dragons (D)
  2 boulder beetles (D)
  8 hydras (D)
  A yaktaur captain (D)
  4 naga warriors (D)
  2 ironbound thunderhulks (D)
  A ghost crab (D)
  2 merfolk avatars (D)
  An ogre mage (D)
  An anaconda (D)
  2 centaur warriors (D)
  25 vault guards (D)
  An ironbound frostheart (D)
  3 deep troll shamans (D)
  A merfolk aquamancer (D)
  4 tengu warriors (D)
  A two-headed ogre (D)
  3 deep troll earth magi (D)
  8 orc high priests (D)
  A vampire mage (D)
  5 hell knights (D)
  Sonja (D)
  A wretched star (D)
  2 skeletal warriors (D)
  A spriggan druid (D)
  A naga ritualist (D)
  A glowing orange brain (D)
  A bog body (D)
  A sea snake (D)
  An ironbound convoker (D)
  A lindwurm (shapeshifter) (D)
  6 swamp dragons (D)
  A lindwurm (D)
  2 wizards (D)
  2 deep elf pyromancers (D)
  3 necromancers (D)
  4 orc knights (D)
  An orb spider (D)
  6 wolf spiders (D)
  3 ugly things (D)
  2 manticores (D)
  A moth of wrath (shapeshifter) (D)
  11 moths of wrath (D)
  A merfolk siren (D)
  Joseph (D)
  2 vault sentinels (D)
  7 black mambas (D)
  6 naga magi (D)
  4 cane toads (D)
  A smoke demon (D)
  A komodo dragon (D)
  Psyche (D)
  A rime drake (D)
  2 demonic crawlers (D)
  A jumping spider (D)
  4 merfolk (D)
  A wandering mushroom (D)
  A polar bear (D)
  A jumping spider (shapeshifter) (D)
  14 guardian mummies (D)
  A meliai (D)
  2 slime creatures (D)
  A dream sheep (D)
  A snapping turtle (D)
  A ynoxinul (D)
  A shadow (D)
  2 redbacks (D)
  5 wraiths (D)
  A basilisk (D)
  2 tarantellas (D)
  2 hogs (D)
  11 spriggans (D)
  2 yaks (D)
  5 fire elementals (D)
  Eustachio (D)
  A naga (D)
  2 water moccasins (D)
  2 hell hounds (D)
  3 wargs (D)
  An acid dragon (D)
  2 large abominations (D)
  2 floating eyes (D)
  A swamp drake (D)
  6 orc warriors (D)
  4 wolves (D)
  2 small abominations (D)
  3 bullfrogs (D)
  A scorpion (D)
  A gnoll sergeant (D)
  A jelly (D)
  11 orc priests (D)
  2 orc wizards (D)
  An ufetubus (D)
  3 adder skeletons (D)
  A dart slug (D)
  9 orcs (D)
  An endoplasm (D)
  A goblin (D)
  2 quokkas (D)
  A ball python zombie (D)
  A rat (D)
527 creatures vanquished.

Vanquished Creatures (others)
  Ilsuiw (D)
  A great orb of eyes (D)
  2 merfolk aquamancers (D)
  An alligator (D)
  A bloated husk (D)
  A hornet (D)
  A spriggan (D)
  2 humans (D)
10 creatures vanquished.

Grand Total: 537 creatures vanquished

Notes
Turn   | Place    | Note
-------+----------+-------------------------------------------
     0 | D        | mhtbhm the Gargoyle Fighter began the quest for the Orb.
     0 | D        | Reached XP level 1. HP: 14/14 MP: 1/1
    27 | D        | Reached XP level 2. HP: 16/20 MP: 2/2
    89 | D        | Noticed a scorpion
    92 | D        | Killed a scorpion
    93 | D        | Reached skill level 5 in Fighting
    93 | D        | Reached skill level 5 in Armour
    93 | D        | Reached skill level 5 in Shields
    93 | D        | Reached XP level 3. HP: 26/26 MP: 3/3
    93 | D        | Reached XP level 4. HP: 31/31 MP: 4/4
   122 | D        | Found a snail-covered altar of Cheibriados.
   122 | D        | Found a shadowy altar of Dithmenos.
   122 | D        | Found a white marble altar of Elyvilon.
   122 | D        | Found a blossoming altar of Fedhas.
   122 | D        | Found an opulent altar of Gozag.
   123 | D        | Found a hazy altar of Hepliaklqana.
   124 | D        | Found a viscous altar of Jiyva.
   125 | D        | Found an ancient bone altar of Kikubaaqudgha.
   126 | D        | Found a corrupted altar of Lugonu.
   127 | D        | Found a burning altar of Makhleb.
   128 | D        | Found a sparkling altar of Nemelex Xobeh.
   129 | D        | Found an iron altar of Okawaru.
   130 | D        | Became a worshipper of Gozag Ym Sagoz the Greedy
   131 | D        | Found a stormy altar of Qazlal.
   132 | D        | Found a sacrificial altar of Ru.
   133 | D        | Found a shimmering blue altar of Sif Muna.
   134 | D        | Found a bloodstained altar of Trog.
   135 | D        | Found a hide-covered altar of Uskayaw.
   136 | D        | Found a radiant altar of Vehumet.
   137 | D        | Found an ornate altar of the Wu Jian Council.
   138 | D        | Found a shimmering altar of Xom.
   139 | D        | Found a basalt altar of Yredelemnul.
   140 | D        | Found a glowing silver altar of Zin.
   141 | D        | Found a glowing golden altar of the Shining One.
   200 | D        | Noticed a gnoll sergeant
   200 | D        | Noticed a yak
   200 | D        | Noticed a shadow
   200 | D        | Noticed a yak
   200 | D        | Noticed a two-headed ogre
   207 | D        | Killed a yak
   208 | D        | Reached skill level 5 in Maces & Flails
   208 | D        | Reached skill level 1 in Dodging
   208 | D        | Reached XP level 5. HP: 28/39 MP: 5/5
   208 | D        | Reached XP level 6. HP: 32/44 MP: 6/6
   208 | D        | Killed a two-headed ogre
   208 | D        | Killed a shadow
   209 | D        | Reached skill level 10 in Fighting
   209 | D        | Reached skill level 10 in Armour
   209 | D        | Reached skill level 1 in Evocations
   209 | D        | Reached XP level 7. HP: 39/53 MP: 7/7
   209 | D        | Reached XP level 8. HP: 43/59 MP: 8/8
   218 | D        | Killed a yak
   338 | D        | Noticed a boulder beetle
   338 | D        | Noticed a meliai
   338 | D        | Noticed a manticore
   338 | D        | Noticed a deep elf pyromancer
   338 | D        | Noticed a skeletal warrior
   338 | D        | Noticed a tengu warrior
   343 | D        | Killed a meliai
   344 | D        | Reached skill level 1 in Stealth
   346 | D        | Killed a deep elf pyromancer
   347 | D        | Reached skill level 10 in Maces & Flails
   347 | D        | Reached skill level 10 in Shields
   347 | D        | Reached XP level 9. HP: 49/64 MP: 9/9
   347 | D        | Killed a tengu warrior
   353 | D        | Killed a skeletal warrior
   358 | D        | Killed a manticore
   359 | D        | Reached XP level 10. HP: 35/71 MP: 10/10
   371 | D        | Killed a boulder beetle
   372 | D        | Reached skill level 5 in Stealth
   530 | D        | Noticed Joseph
   545 | D        | Killed Joseph
   791 | D        | Noticed a black mamba
   791 | D        | Noticed a cane toad
   792 | D        | Noticed a cane toad
   898 | D        | Killed a cane toad
   902 | D        | Killed a black mamba
   908 | D        | Killed a cane toad
   909 | D        | Reached skill level 5 in Dodging
  1040 | D        | Noticed a cane toad
  1040 | D        | Noticed a black mamba
  1040 | D        | Noticed a black mamba
  1040 | D        | Noticed a cane toad
  1043 | D        | Noticed a six-headed hydra
  1055 | D        | Killed a cane toad
  1056 | D        | Reached XP level 11. HP: 43/78 MP: 11/11
  1217 | D        | Killed a six-headed hydra
  1218 | D        | Reached skill level 15 in Maces & Flails
  1364 | D        | Noticed Psyche
  1378 | D        | Killed Psyche
  1413 | D        | Noticed Sonja
  1438 | D        | Killed Sonja
  1809 | D        | Noticed an orc high priest
  1809 | D        | Noticed an orc knight
  1827 | D        | Killed an orc knight
  1833 | D        | Killed an orc high priest
  1834 | D        | Reached skill level 15 in Fighting
  1850 | D        | Noticed an orc knight
  2237 | D        | Killed an orc knight
  2238 | D        | Reached skill level 1 in Unarmed Combat
  2350 | D        | Found Forphuduil's Magic Scroll Boutique.
  2350 | D        | Noticed an orc high priest
  2350 | D        | Noticed an orc high priest
  2350 | D        | Noticed an orc high priest
  2359 | D        | Killed an orc high priest
  2360 | D        | Found Wobre's Antique Weapon Shop.
  2367 | D        | Killed an orc high priest
  2368 | D        | Reached XP level 12. HP: 87/88 MP: 12/12
  2369 | D        | Found Rufyteapp's Jewellery Boutique.
  2378 | D        | Killed an orc high priest
  2378 | D        | Noticed an orc high priest
  2379 | D        | Noticed an orc high priest
  2394 | D        | Gained mutation: Armour fits poorly on your strangely
                  | shaped body. [a neqoxec]
  2703 | D        | Killed an orc high priest
  2734 | D        | Found Bum Poet's Weapon Shop.
  2737 | D        | Killed an orc high priest
  2742 | D        | Noticed an orc high priest
  2744 | D        | Noticed an orc high priest
  2754 | D        | Killed an orc high priest
  2755 | D        | Reached skill level 10 in Stealth
  2795 | D        | Killed an orc high priest
  3026 | D        | Bought a scroll of holy word for 75 gold pieces
  3026 | D        | Bought a scroll of holy word for 75 gold pieces
  3026 | D        | Bought a scroll of enchant weapon for 75 gold pieces
  3026 | D        | Bought a scroll of fear for 35 gold pieces
  3026 | D        | Bought a scroll of identify for 20 gold pieces
  3026 | D        | Bought a scroll of immolation for 35 gold pieces
  3026 | D        | Bought a scroll of immolation for 35 gold pieces
  3102 | D        | Noticed Josephine
  3119 | D        | Killed Josephine
  3276 | D        | Bought a +5 morningstar of protection for 445 gold pieces
  3279 | D        | Noticed a centaur warrior
  3279 | D        | Noticed a centaur warrior
  3279 | D        | Noticed a tengu warrior
  3303 | D        | Killed a tengu warrior
  3306 | D        | Killed a centaur warrior
  3307 | D        | Noticed a tengu warrior
  3322 | D        | Noticed a vampire mage
  3324 | D        | Killed a centaur warrior
  3327 | D        | Noticed a deep troll earth mage
  3328 | D        | Noticed a stone giant
  3338 | D        | Killed a tengu warrior
  3346 | D        | Reached XP level 13. HP: 42/97 MP: 13/13
  3349 | D        | Noticed a great orb of eyes
  3364 | D        | Killed a stone giant
  3377 | D        | Killed a great orb of eyes
  3519 | D        | Noticed Rupert
  3544 | D        | Killed Rupert
  3545 | D        | Reached skill level 5 in Evocations
  3762 | D        | Noticed Nessos
  3787 | D        | Killed Nessos
  4141 | D        | Noticed a fenstrider witch
  4146 | D        | Noticed a bunyip
  4583 | D        | Killed a fenstrider witch
  4671 | D        | Killed a bunyip
  4994 | D        | Reached skill level 15 in Armour
  5033 | D        | Reached skill level 15 in Shields
  5503 | D        | Noticed a merfolk impaler
  5519 | D        | Killed a merfolk impaler
  5520 | D        | Gained mutation: Your large and strong wings let you fly.
                  | [Gargoyle growth]
  5520 | D        | Reached XP level 14. HP: 79/108 MP: 14/14
  5861 | D        | Noticed Aizul
  5889 | D        | Killed Aizul
  6034 | D        | Noticed Eustachio
  6045 | D        | Killed Eustachio
  6124 | D        | Noticed a fire giant
  6130 | D        | Noticed a tentacled monstrosity
  6520 | D        | Killed a tentacled monstrosity
  6653 | D        | Killed a fire giant
  6874 | D        | Noticed a stone giant
  6886 | D        | Killed a stone giant
  7154 | D        | Noticed a white very ugly thing
  7155 | D        | Noticed a fire giant
  7157 | D        | Noticed a green very ugly thing
  7158 | D        | Noticed a stone giant
  7164 | D        | Killed a white very ugly thing
  7175 | D        | Killed a fire giant
  7487 | D        | Bought a pair of dazzling boots for 275 gold pieces
  7487 | D        | Identified the +0 pair of boots of Pessimism {Dex+3} (You
                  | bought it in a shop in the Dungeon)
  7504 | D        | Bought a faintly humming chain mail for 275 gold pieces
  7504 | D        | Identified the +1 chain mail "Feakam" {+Inv Fly rC- Str+4}
                  | (You bought it in a shop in the Dungeon)
  7533 | D        | Bought a glowing plate armour for 754 gold pieces
  7618 | D        | Killed a white very ugly thing
  7674 | D        | Killed a stone giant
  7867 | D        | Noticed an ironbound preserver
  7867 | D        | Noticed an ironbound preserver
  7867 | D        | Noticed a vault warden
  7869 | D        | Noticed a vault warden
  7878 | D        | Killed a vault warden
  7897 | D        | Killed an ironbound preserver
  7904 | D        | Killed an ironbound preserver
  7919 | D        | Killed a vault warden
  7923 | D        | Reached skill level 10 in Dodging
  8484 | D        | Noticed an ironbound preserver
  8502 | D        | Reached XP level 15. HP: 120/120 MP: 15/15
  8979 | D        | Noticed Nikola
  8993 | D        | Killed Nikola
  9424 | D        | Got a decaying rune of Zot
  9539 | D        | Noticed Ilsuiw
  9563 | D        | Killed Ilsuiw
  9630 | D        | Got a barnacled rune of Zot
  9701 | D        | Noticed a nagaraja
  9701 | D        | Noticed a nagaraja
  9704 | D        | Noticed a nagaraja
  9710 | D        | Killed a nagaraja
  9711 | D        | Reached skill level 1 in Throwing
  9713 | D        | Killed a nagaraja
  9730 | D        | Noticed a nagaraja
  9738 | D        | Noticed a nagaraja
  9922 | D        | Killed a nagaraja
  9942 | D        | Killed a nagaraja
  9943 | D        | Reached skill level 15 in Stealth
 10176 | D        | Killed a nagaraja
 10263 | D        | Got a serpentine rune of Zot
 10294 | D        | Bought a smoking amber ring for 145 gold pieces
 10294 | D        | Identified the ring "Aniuqy" {rPois MP+9 Str+3} (You bought
                  | it in a shop in the Dungeon)
 10294 | D        | Bought a wand of acid (5) for 232 gold pieces
 10308 | D        | Noticed an emperor scorpion
 10308 | D        | Noticed an emperor scorpion
 10308 | D        | Noticed an emperor scorpion
 10332 | D        | Killed an emperor scorpion
 10346 | D        | Killed an emperor scorpion
 10352 | D        | Noticed an emperor scorpion
 10357 | D        | Reached XP level 16. HP: 83/131 MP: 0/16
 10451 | D        | Got a gossamer rune of Zot
 10597 | D        | Noticed Mennas
 10670 | D        | Killed Mennas
 10727 | D        | Noticed Xtahua
 10728 | D        | Paralysed by Xtahua for 5 turns
 10741 | D        | Paralysed by Xtahua for 5 turns
 10748 | D        | Killed Xtahua
 10852 | D        | Reached skill level 27 in Fighting
 11190 | D        | Noticed a shadow dragon
 11218 | D        | Reached skill level 27 in Maces & Flails
 11218 | D        | Noticed a sphinx
 11242 | D        | Killed a shadow dragon
 11258 | D        | Killed a sphinx
 11379 | D        | Noticed a shadow dragon
 11396 | D        | Killed a shadow dragon
 11410 | D        | Reached XP level 17. HP: 123/139 MP: 0/17
 11552 | D        | Noticed a titan
 11564 | D        | Noticed a quicksilver dragon
 11569 | D        | Noticed a golden dragon
 11584 | D        | Killed a titan
 11624 | D        | Killed a golden dragon
 11625 | D        | Reached skill level 27 in Shields
 11628 | D        | Killed a quicksilver dragon
 11765 | D        | Got a silver rune of Zot
 11797 | D        | Noticed Sojobo
 11813 | D        | Reached skill level 5 in Throwing
 11814 | D        | Paralysed by an air elemental for 1 turns
 11838 | D        | Killed Sojobo
 12025 | D        | Noticed Snorg
 12034 | D        | Killed Snorg
 12038 | D        | Noticed Azrael
 12054 | D        | Killed Azrael
 12164 | D        | Bought a potion of resistance for 150 gold pieces
 12164 | D        | Bought a potion of might for 60 gold pieces
 12164 | D        | Bought a potion of curing for 45 gold pieces
 12164 | D        | Bought a potion of resistance for 150 gold pieces
 12164 | D        | Bought a potion of curing for 45 gold pieces
 12164 | D        | Bought a potion of might for 60 gold pieces
 12164 | D        | Bought a potion of curing for 45 gold pieces
 12164 | D        | Bought a potion of haste for 150 gold pieces
 12167 | D        | Bought a pair of embroidered boots for 202 gold pieces
 12167 | D        | Bought a pair of embroidered gloves for 202 gold pieces
 12167 | D        | Bought a glowing scarf for 216 gold pieces
 12173 | D        | Bought a dazzling chain mail for 256 gold pieces
 12173 | D        | Identified the +4 chain mail "Bexkiziz" {rElec rN+ Dex+3}
                  | (You bought it in a shop in the Dungeon)
 12184 | D        | Bought a twisted plate armour for 756 gold pieces
 12184 | D        | Identified the +6 plate armour of Syptih {Harm MP+9 Dex+4}
                  | (You bought it in a shop in the Dungeon)
 12195 | D        | Bought a runed helmet for 202 gold pieces
 12234 | D        | Got the ring of Kidghuak {rElec rPois rF+ rC- AC+3}
 12236 | D        | Got the ring of Relativism {rF+ Will+ Int+4 Dex+4 Stlth-}
 12238 | D        | Got the ring of Serendipity {Ice rPois Int+4 SInv}
 12240 | D        | Got the amulet "Rits" {+Inv rPois rF+ Regen+}
 12242 | D        | Got the ring of the Muttering Traitor {Ice Drain Will-
                  | Str+9 Int+6}
 12245 | D        | Found the +2 Maxwell's thermic engine {flame, freeze}
 12410 | D        | Upgraded the game from 0.28-a0-932-g843f935a50 to
                  | 0.28-a0-938-gbc3f381ebc
 12445 | D        | Noticed Margery
 12470 | D        | Killed Margery
 12536 | D        | Noticed Kirke
 12551 | D        | Killed Kirke
 12597 | D        | Noticed a sphinx
 12597 | D        | Noticed a golden dragon
 12628 | D        | Killed a golden dragon
 12657 | D        | Paralysed by a great orb of eyes for 7 turns
 12792 | D        | Killed a sphinx
 12903 | D        | Noticed a golden dragon
 12914 | D        | Killed a golden dragon
 13133 | D        | Noticed a golden dragon
 13201 | D        | Killed a golden dragon
 13202 | D        | Reached skill level 27 in Armour
 13202 | D        | Reached XP level 18. HP: 91/145 MP: 18/18
 13293 | D        | Bought a scroll labelled JUQ HUYFAWUS for 38 gold pieces
 13293 | D        | Bought a glass wand for 152 gold pieces
 13293 | D        | Bought a potion of resistance for 380 gold pieces
 13296 | D        | Noticed a tentacled monstrosity
 13298 | D        | Noticed an orb of fire
 13308 | D        | Noticed a quicksilver dragon
 13308 | D        | Gained mutation: You are frail. (-10% HP) [an orb of fire]
 13320 | D        | Gained mutation: You are dopey. (Int -2) [an orb of fire]
 13321 | D        | Killed an orb of fire
 13322 | D        | Reached skill level 10 in Evocations
 13330 | D        | Killed a tentacled monstrosity
 13358 | D        | Killed a quicksilver dragon
 13632 | D        | Noticed a tentacled monstrosity
 13656 | D        | Killed a tentacled monstrosity
 13662 | D        | Noticed a golden dragon
 13715 | D        | Killed a golden dragon
 13772 | D        | Noticed a tentacled monstrosity
 13787 | D        | Killed a tentacled monstrosity
 13788 | D        | Reached skill level 10 in Throwing
 13806 | D        | Reached skill level 27 in Stealth
 14051 | D        | Noticed an Orb Guardian
 14051 | D        | Noticed an Orb Guardian
 14051 | D        | Noticed an Orb Guardian
 14051 | D        | Noticed an Orb Guardian
 14051 | D        | Noticed an Orb Guardian
 14051 | D        | Noticed an Orb Guardian
 14067 | D        | Killed an Orb Guardian
 14068 | D        | Reached skill level 15 in Evocations
 14073 | D        | Killed an Orb Guardian
 14077 | D        | Killed an Orb Guardian
 14084 | D        | Killed an Orb Guardian
 14085 | D        | Noticed an Orb Guardian
 14088 | D        | Killed an Orb Guardian
 14095 | D        | Killed an Orb Guardian
 14107 | D        | Killed an Orb Guardian
 14108 | D        | Noticed an Orb Guardian
 14111 | D        | Noticed an Orb Guardian
 14118 | D        | Killed an Orb Guardian
 14119 | D        | Noticed an Orb Guardian
 14130 | D        | Killed an Orb Guardian
 14136 | D        | Killed an Orb Guardian
 14166 | D        | Bought a scroll of blinking for 240 gold pieces
 14166 | D        | Bought a wand of acid (9) for 256 gold pieces
 14166 | D        | Bought a potion of might for 128 gold pieces
 14166 | D        | Noticed a golden dragon
 14166 | D        | Noticed an Orb Guardian
 14166 | D        | Noticed an Orb Guardian
 14166 | D        | Noticed a tentacled monstrosity
 14169 | D        | Killed a tentacled monstrosity
 14169 | D        | Killed an Orb Guardian
 14170 | D        | Noticed an Orb Guardian
 14171 | D        | Killed an Orb Guardian
 14172 | D        | Noticed an Orb Guardian
 14184 | D        | Killed a golden dragon
 14196 | D        | Killed an Orb Guardian
 14203 | D        | Killed an Orb Guardian
 14233 | D        | Noticed an ancient lich
 14242 | D        | Killed an ancient lich
 14246 | D        | Noticed an orb of fire
 14266 | D        | Gained mutation: You are very frail. (-20% HP) [an orb of
                  | fire]
 14270 | D        | Killed an orb of fire
 14271 | D        | Reached skill level 15 in Throwing
 14271 | D        | Reached XP level 19. HP: 91/120 MP: 19/19
 14271 | D        | Lost mutation: You are dopey. (Int -2) [potion of mutation]
 14271 | D        | Lost mutation: You are very frail. (-20% HP) [potion of
                  | mutation]
 14271 | D        | Gained mutation: You are clumsy. (Dex -2) [potion of
                  | mutation]
 14271 | D        | Gained mutation: You are partially covered in iridescent
                  | scales. (AC +2) [potion of mutation]
 14271 | D        | Gained mutation: You are dopey. (Int -2) [potion of
                  | mutation]
 14412 | D        | Noticed an electric golem
 14425 | D        | Killed an electric golem
 14472 | D        | Noticed a Killer Klown
 14472 | D        | Noticed a golden dragon
 14472 | D        | Noticed an electric golem
 14472 | D        | Noticed a tentacled monstrosity
 14475 | D        | Noticed an orb of fire
 14477 | D        | Killed a golden dragon
 14478 | D        | Killed a tentacled monstrosity
 14480 | D        | Killed an electric golem
 14588 | D        | Gained mutation: Your body sometimes deteriorates upon
                  | taking damage. [an orb of fire]
 14593 | D        | Gained mutation: You have hidden genetic defects. [an orb
                  | of fire]
 14596 | D        | Killed an orb of fire
 14628 | D        | Killed a Killer Klown
 14672 | D        | Noticed a golden dragon
 14673 | D        | Noticed a tentacled monstrosity
 14683 | D        | Killed a golden dragon
 14689 | D        | Killed a tentacled monstrosity
 14768 | D        | Gained mutation: You are weak. (Str -2) [hidden defects]
 14982 | D        | Noticed an ancient lich
 14982 | D        | Paralysed by a vampire knight for 3 turns
 15003 | D        | Killed an ancient lich
 15004 | D        | Reached skill level 27 in Evocations
 15019 | D        | Noticed an ancient lich
 15019 | D        | Gained mutation: You do not regenerate when monsters are
                  | visible. [hidden defects]
 15019 | D        | Lost mutation: You have hidden genetic defects. [hidden
                  | defects expressed]
 15035 | D        | Killed an ancient lich
 15039 | D        | Reached skill level 15 in Dodging
 15259 | D        | Reached XP level 20. HP: 118/141 MP: 20/20
 15723 | D        | Lost mutation: Armour fits poorly on your strangely shaped
                  | body. [potion of mutation]
 15723 | D        | Lost mutation: You are partially covered in iridescent
                  | scales. (AC +2) [potion of mutation]
 15723 | D        | Lost mutation: You are frail. (-10% HP) [potion of
                  | mutation]
 15723 | D        | Gained mutation: You tend to lose your temper in combat.
                  | [potion of mutation]
 15723 | D        | Gained mutation: You have sharp toenails. [potion of
                  | mutation]
 15723 | D        | Gained mutation: Your skin changes colour to match your
                  | surroundings (Stealth+). [potion of mutation]
 15842 | D        | Got an elven rune of Zot
 15949 | D        | Bought a scroll of immolation for 63 gold pieces
 15949 | D        | Bought a potion of haste for 180 gold pieces
 15958 | D        | Noticed the Royal Jelly
 15973 | D        | Killed the Royal Jelly
 15974 | D        | Reached skill level 27 in Throwing
 15975 | D        | Paralysed by a floating eye for 4 turns
 15987 | D        | Paralysed by a floating eye for 4 turns
 16280 | D        | Got a slimy rune of Zot
 16349 | D        | Bought a condenser vane for 600 gold pieces
 16349 | D        | Bought a scroll of enchant weapon for 112 gold pieces
 16751 | D        | Noticed a royal mummy
 16754 | D        | Noticed a royal mummy
 16766 | D        | Killed a royal mummy
 16773 | D        | Killed a royal mummy
 16896 | D        | Noticed a royal mummy
 16896 | D        | Noticed a royal mummy
 16896 | D        | Noticed a royal mummy
 16896 | D        | Noticed a royal mummy
 16896 | D        | Noticed a royal mummy
 16900 | D        | Killed a royal mummy
 16906 | D        | Killed a royal mummy
 16909 | D        | Killed a royal mummy
 16912 | D        | Killed a royal mummy
 17190 | D        | Killed a royal mummy
 17317 | D        | Noticed a royal mummy
 17329 | D        | Killed a royal mummy
 17330 | D        | Reached XP level 21. HP: 139/163 MP: 21/21
 17331 | D        | Noticed a royal mummy
 17340 | D        | Killed a royal mummy
 17341 | D        | Reached skill level 27 in Dodging
 17385 | D        | Got a golden rune of Zot
 17434 | D        | Reached skill level 5 in Spellcasting
 17434 | D        | Reached skill level 5 in Summonings
 17443 | D        | Got an abyssal rune of Zot
 17588 | D        | Noticed Geryon
 17600 | D        | Killed Geryon
 17609 | D        | Bought a pair of glowing boots for 247 gold pieces
 17612 | D        | Bought a pair of embroidered boots for 330 gold pieces
 17615 | D        | Bought a potion of heal wounds for 95 gold pieces
 17615 | D        | Bought a potion of might for 76 gold pieces
 17615 | D        | Bought a potion of might for 76 gold pieces
 17615 | D        | Bought a potion of mutation for 152 gold pieces
 17615 | D        | Lost mutation: You are weak. (Str -2) [potion of mutation]
 17615 | D        | Lost mutation: Your body sometimes deteriorates upon taking
                  | damage. [potion of mutation]
 17615 | D        | Gained mutation: Your spells are a little harder to cast,
                  | but a little more powerful. [potion of mutation]
 17615 | D        | Lost mutation: You tend to lose your temper in combat.
                  | [potion of mutation]
 17621 | D        | Noticed Antaeus
 17621 | D        | Noticed Gloorx Vloq
 17621 | D        | Found the +4 staff of Dispater
 17621 | D        | Noticed Dispater
 17626 | D        | Noticed Ereshkigal
 17634 | D        | Killed Gloorx Vloq
 17662 | D        | Killed Antaeus
 17981 | D        | Killed from afar by Dispater

Illustrated notes

Levels and vault maps discovered:
D:        linesprint [early_d, line_temple, items_1, d_10, items_2, lair_1,
          lair_end, items_3, orc_1, orc_end, items_4, d_15, swamp_1, shoals_1,
          snake_1, spider_1, d_20, vaults_1, items_5, swamp_end, shoals_end,
          snake_end, spider_end, vaults_end, d_27, items_6, zot_1, zot_end,
          crypt_end, forest_end, elf_end, slime_end, tomb_end, abyss_end,
          pan_hell_end]

Skill      XL: |  1  2  3  4  5  6  7  8  9 10 11 12 13 14 15 16 17 18 19 20 21 |
---------------+----------------------------------------------------------------+-----
Fighting       | 4 5 7 10 11 12 13 15 18 20 23 26 27 | 27.0
Shields        | 4 5 7 9 10 11 12 13 15 17 19 26 27 | 27.0
Maces & Flails | 3 5 8 10 12 14 17 19 20 22 25 27 | 27.0
Armour         | 5 7 10 11 12 13 16 18 20 21 27 | 27.0
Dodging        | 1 2 3 4 5 7 8 9 10 11 12 14 15 26 27 | 27.0
Evocations     | 1 2 3 4 5 9 20 27 | 27.0
Stealth        | 3 4 6 9 10 11 12 16 17 23 27 | 27.0
Unarmed Combat | 1 |  1.5
Throwing       | 1 3 8 15 23 27 | 27.0
Spellcasting   | 11 | 11.0
Summonings     | 11 | 11.0

Action                   |  1- 3 |  4- 6 |  7- 9 | 10-12 | 13-15 | 16-18 | 19-21 || total
-------------------------+-------+-------+-------+-------+-------+-------+-------++-------
Melee: Flail             |    25 |     7 |       |       |       |       |       ||    32
       Morningstar       |       |     1 |    24 |   410 |   825 |  1215 |   474 ||  2949
       Unarmed           |       |       |       |     6 |       |       |       ||     6
       Sacred scourge    |       |       |       |       |       |       |   285 ||   285
Throw: Dart              |       |       |       |     1 |       |     1 |       ||     2
       Javelin           |       |       |       |       |     3 |    14 |    11 ||    28
       Throwing net      |       |       |       |       |       |     2 |     1 ||     3
Invok: Potion Petition   |       |       |       |     3 |     8 |     4 |     5 ||    20
       Call Merchant     |       |       |       |     1 |     3 |     5 |     5 ||    14
Evoke: Wand              |       |     3 |     3 |     5 |     5 |    12 |    24 ||    52
       Condenser vane    |       |       |       |       |       |       |     4 ||     4
  Use: Potion            |     1 |     2 |     3 |     3 |     9 |     7 |    12 ||    37
       Scroll            |       |     1 |       |     1 |     4 |    13 |     5 ||    24
 Stab: Invisible         |       |       |     3 |       |    12 |       |       ||    15
       Distracted        |       |       |       |     9 |     9 |    23 |     9 ||    50
       Sleeping          |       |       |       |     2 |       |     1 |     2 ||     5
Armor: Scale mail        |    10 |     3 |       |       |       |       |       ||    13
       Ring mail         |       |       |    22 |   106 |       |       |       ||   128
       Chain mail        |       |       |       |    18 |   197 |       |       ||   215
       Plate armour      |       |       |       |       |   172 |   206 |       ||   378
       Skin              |       |       |       |       |       |    27 |       ||    27
       Gold dragon scale |       |       |       |       |       |   189 |   227 ||   416
Dodge: Dodged            |     9 |     1 |     5 |   100 |   207 |   181 |   107 ||   610
Block: Buckler           |     6 |       |    11 |    83 |   177 |       |       ||   277
       Tower shield      |       |       |       |       |    54 |   883 |   489 ||  1426

Table legend: (Time is in decaauts) A = Elapsed time spent in this place. B = Non-inter-level travel time spent in this place. C = Inter-level travel time spent in this place. D = Time resting spent in this place. E = Time spent auto-exploring this place. F = Levels seen in this place. G = Mean time per level. A B C D E F G +--------+--------+--------+--------+--------+-----+--------+ Total | 16849 | 16849 | 0 | 8535 | 1289 | 1 | 16849.0 | Dungeon | 16849 | 16849 | 0 | 8535 | 1289 | 1 | 16849.0 | +--------+--------+--------+--------+--------+-----+--------+

Top non-repeatable levels by time:
       D: 16849 daAuts
